 Dungeon Crawl Stone Soup version 0.19.5 (webtiles) character file.

32 tidbits the Shooter (level 3, -1/24 HPs)
             Began as a High Elf Wanderer on Oct 29, 2017.
             Slain by an ogre
             ... wielding a +0 giant club
              (8 damage)
             ... on level 4 of the Dungeon.
             The game lasted 00:05:17 (581 turns).

tidbits the Shooter (High Elf Wanderer)              Turns: 581, Time: 00:05:17

Health: -1/24      AC:  8    Str: 11    XL:     3   Next: 8%
Magic:  7/7        EV: 11    Int: 15    God:
Gold:   31         SH:  0    Dex: 16    Spells: 1 memorised, 5 levels left

rFire  . . .     SeeInvis .     a - +0 shortbow
rCold  . . .     Gourm    .     B - +0 ring mail
rNeg   . . .     Faith    .     (shield currently unavailable)
rPois  .         Spirit   .     E - +1 helmet
rElec  .         Reflect  .     (no cloak)
rCorr  .         Harm     .     G - +0 pair of gloves
MR     .....                    (no boots)
Stlth  +.........               (no amulet)
                                (no ring)
                                (no ring)

@: no status effects
A: no striking features
a: no special abilities


You were on level 4 of the Dungeon.
You were not hungry.

You visited 1 branch of the dungeon, and saw 4 of its levels.

You collected 31 gold pieces.

Inventory:

Hand Weapons
 a - a +0 shortbow (weapon)
 b - a +0 dagger of speed
   (You took it off a goblin on level 1 of the Dungeon)
 h - a +0 dagger
 j - a +1 vampiric short sword
   (You found it on level 2 of the Dungeon)
Missiles
 d - 35 arrows (quivered)
Armour
 B - a +0 ring mail (worn)
 E - a +1 helmet (worn)
   (You found it on level 1 of the Dungeon)
 G - a +0 pair of gloves (worn)
   (You found it on level 2 of the Dungeon)
Scrolls
 e - a scroll of enchant armour {unknown}
 g - 3 scrolls of identify {unknown}
 k - a scroll of remove curse {unknown}
 q - a scroll of noise {unknown}
Potions
 i - a potion of might {unknown}
 l - a potion of berserk rage {unknown}
 m - a potion of heal wounds {unknown}
 n - a potion of lignification {unknown}
 o - a potion of invisibility {unknown}
 p - a potion of curing {unknown}
Books
 c - a book of Changes

   Spells                             Type                      Level
   a - Beastly Appendage              Transmutation                1
   b - Sticks to Snakes               Transmutation                2
   c - Spider Form                    Transmutation/Poison         3
   d - Ice Form                       Ice/Transmutation            4
   e - Blade Hands                    Transmutation                5
Comestibles
 f - 2 bread rations


   Skills:
 - Level 2.0 Fighting
 + Level 3.9 Bows
 - Level 1.0 Armour
 - Level 2.0 Dodging
 - Level 2.1 Stealth
 - Level 2.4 Spellcasting
 - Level 1.1 Transmutations


You had 5 spell levels left.
You knew the following spells:

 Your Spells              Type           Power        Failure   Level  Hunger
e - Beastly Appendage     Tmut           #.....       34%         1    #......


Dungeon Overview and Level Annotations

Branches:
Dungeon (4/15)
 Temple: D:4-7

Altars:


Message History

Adjust which item? (? for menu, Esc to quit)
o - a +0 pair of gloves (worn)
Adjust to which letter? (? for menu, Esc to quit)
G - a +0 pair of gloves (worn)
Okay, then.
Found a stone staircase leading down.
Found a stone staircase leading down.
You see here a fuming white potion.
o - a fuming white potion
Found 2 fruits.
A goblin comes into view.
The goblin shouts!
Found a scroll labeled LAALEJ FANEO.
A goblin comes into view.
There is a stone staircase leading down here.
The goblin hits you.
You see here a scroll labeled LAALEJ FANEO.
You hit the goblin.
The goblin is heavily wounded.
The goblin barely misses you.
You hit the goblin.
You kill the goblin!
g - 3 scrolls labeled LAALEJ FANEO (gained 1)
The goblin barely misses you.
You barely miss the goblin. You hit the goblin.
The goblin is severely wounded.
The goblin barely misses you.
You hit the goblin.
You kill the goblin!
There is a stone staircase leading down here.
You climb downwards.
Found an emerald potion and a scroll labeled UCHAICHECW.
There is a stone staircase leading up here.
You see here an emerald potion.
p - an emerald potion
Found 10 arrows.
You see here 10 arrows.
d - 43 arrows (gained 10)
You see here a scroll labeled UCHAICHECW.
q - a scroll labeled UCHAICHECW
Found a stone staircase leading down.
HP restored.
There is a stone staircase leading down here.
You climb downwards.
Found a stone staircase leading down.
There is a stone staircase leading up here.
Found 10 gold pieces.
a - a +0 shortbow (weapon)
An adder and an ogre come into view.
Firing (i - inventory):
d - 43 arrows (quivered)
Press: ? - help, Shift-Dir - straight line, f - ogre
Aim: an ogre, wielding a giant club (resting)
You shoot an arrow. The arrow hits the ogre!
The ogre shouts!
The ogre is moderately wounded.
The adder moves out of view.
Firing (i - inventory):
d - 42 arrows (quivered)
Press: ? - help, Shift-Dir - straight line, f/p - ogre
Aim: an ogre, wielding a giant club (moderately wounded)
You shoot an arrow. The arrow hits the ogre.
The ogre is heavily wounded.
Firing (i - inventory):
d - 41 arrows (quivered)
Press: ? - help, Shift-Dir - straight line, f/p - ogre
Aim: an ogre, wielding a giant club (heavily wounded)
You shoot an arrow. The arrow hits the ogre.
The ogre is heavily wounded.
Firing (i - inventory):
d - 40 arrows (quivered)
Press: ? - help, Shift-Dir - straight line, f/p - ogre
Aim: an ogre, wielding a giant club (heavily wounded)
You shoot an arrow. The adder hisses angrily.
The arrow hits the ogre.
The ogre is heavily wounded.
Firing (i - inventory):
d - 39 arrows (quivered)
Press: ? - help, Shift-Dir - straight line, f - adder, p - ogre
Aim: an adder You shoot an arrow.
The arrow hits the ogre.
The ogre is severely wounded.
The ogre hits you with a giant club!
Firing (i - inventory):
d - 38 arrows (quivered)
Press: ? - help, Shift-Dir - straight line, f/p - adder
Aim: an adder You shoot an arrow.
The arrow hits the ogre.
The ogre is severely wounded.
The ogre hits you with a giant club!
* * * LOW HITPOINT WARNING * * *
Firing (i - inventory):
d - 37 arrows (quivered)
Press: ? - help, Shift-Dir - straight line, f/p - adder
Aim: an adder You shoot an arrow.
The arrow hits the ogre.
The ogre is almost dead.
The ogre hits you but does no damage.
Firing (i - inventory):
d - 36 arrows (quivered)
Press: ? - help, Shift-Dir - straight line, f/p - adder
Aim: an adder You shoot an arrow.
The arrow hits the ogre.
The ogre is almost dead.
The ogre hits you with a giant club!
You die...

.. ### .. ..
#.###.# #
#.#...##.#
#.....(((.
#........#
#$........
#...##############
#...#.#. ..... #.#
#..... # #.#####


You could see an ogre and an adder.

Vanquished Creatures
  A leopard gecko (D:2)
  5 giant cockroaches
  5 goblins
  3 hobgoblins (D:1)
  3 jackals (D:1)
  A kobold (D:1)
  3 bats (D:1)
  3 frilled lizards
  2 rats (D:1)
26 creatures vanquished.

Notes
Turn   | Place    | Note
-------+----------+-------------------------------------------
     0 | D:1      | tidbits the High Elf Wanderer began the quest for the Orb.
     0 | D:1      | tidbits set off with: a book of Changes, a +0 ring mail, a +0 shortbow, 25 arrows, a +0 dagger, a bread ration
     0 | D:1      | Reached XP level 1. HP: 14/14 MP: 4/4
     2 | D:1      | Learned a level 1 spell: Beastly Appendage
    16 | D:1      | Reached skill level 3 in Bows
   174 | D:2      | Reached XP level 2. HP: 18/19 MP: 6/6
   308 | D:1      | Reached skill level 1 in Dodging
   500 | D:2      | Reached skill level 2 in Dodging
   500 | D:2      | Reached XP level 3. HP: 22/24 MP: 7/7
   565 | D:4      | Noticed an ogre
   581 | D:4      | Slain by an ogre

Skill      XL: |  1  2 |
---------------+-------+-----
Bows           | 3 |  3.9
Dodging        | 2 |  2.0
Fighting       | |  2.0
Armour         | |  1.0
Stealth        | |  2.1
Spellcasting   | |  2.4
Transmutations | |  1.1

Action                   || total
-------------------------++-------
Melee: Dagger            ||    97
 Fire: Shortbow          ||    37
 Stab: Sleeping          ||     1
Armor: Ring mail         ||    41
Dodge: Dodged            ||    64

Table legend:
 A = Turns spent in this place as a percentage of turns spent in the entire game.
 B = Non-inter-level travel turns spent in this place as a percentage of non-inter-level travel turns spent in the entire game.
 C = Inter-level travel turns spent in this place as a percentage of turns spent in this place.
 D = Turns resting spent in this place as a percentage of non-inter-level travel turns spent in this place.
 E = Turns spent auto-exploring this place as a percentage of non-inter-level travel turns spent in this place.
 F = Non-inter-level travel turns spent in this place divided by the number of levels of this place that you've seen.
                   A       B       C       D       E      F
               +-------+-------+-------+-------+-------+----------------------
         Total | 100.0 | 100.0 |   0.0 |   0.0 |   0.0 | 144.0
       Dungeon | 100.0 | 100.0 |   0.0 |   0.0 |   0.0 | 144.0
               +-------+-------+-------+-------+-------+----------------------

Table legend:
 A = Kills in this place as a percentage of kills in entire the game.
 B = Kills by you in this place as a percentage of kills by you in the entire game.
 C = Kills by friends in this place as a percentage of kills by friends in the entire game.
 D = Other kills in this place as a percentage of other kills in the entire game.
 E = Experience gained in this place as a percentage of experience gained in the entire game.
 F = Experience gained in this place divided by the number of levels of this place that you have seen.
                   A       B       C       D       E      F
               +-------+-------+-------+-------+-------+----------------------
         Total | 100.0 | 100.0 |  -nan |  -nan | 100.0 |  11.5
       Dungeon | 100.0 | 100.0 |  -nan |  -nan | 100.0 |  11.5
               +-------+-------+-------+-------+-------+----------------------

Vault maps used:
D:1:      evilmike_arrival_plus, st_stairs_6, minmay_distorted
D:2:      cheibriados_altar_1, chequers_temple_overflow_minitemple, first_bread,
          minivault_4, tgw_kikubaaqudgha, uniq_crazy_yiuf_cottage
D:3:      nicolae_overflow_hidden_temple, ashenzari_altar_1
